 Dungeon Crawl Stone Soup version 0.28-a0-1235-g7c8fac35f0 (webtiles) character file.

Game seed: 9247639311963978021

91 r3xj the Covered (level 4, -1/41 HPs)
             Began as a Minotaur Fighter on Dec 24, 2021.
             Succumbed to a hornet's poison
             ... on level 3 of the Dungeon.
             The game lasted 00:04:43 (2313 turns).

r3xj the Covered (Minotaur Fighter)                 Turns: 2313, Time: 00:04:43

Health: -1/41      AC:  7    Str: 23    XL:     4   Next: 34%
Magic:  3/3        EV:  9    Int:  5    God:
Gold:   78         SH:  4    Dex:  9    Spells: 3/3 levels left

rFire   . . .      SeeInvis .   a - +0 war axe
rCold   . . .      Faith    .   c - +0 buckler
rNeg    . . .      Spirit   .   b - +0 scale mail
rPois   .          Reflect  .   (helmet restricted)
rElec   .          Harm     .   (no cloak)
rCorr   .          Rampage  .   (no gloves)
Will    .....                   (no boots)
Stlth   ..........              (no amulet)
HPRegen 0.13/turn               (no ring)
MPRegen 0.08/turn               (no ring)

@: mighty, lethally poisoned (-1 -> -8)
A: horns 2, retaliatory headbutt
a: no special abilities


You were on level 3 of the Dungeon.
You visited 1 branch of the dungeon, and saw 4 of its levels.

You collected 78 gold pieces.

Inventory:

Hand Weapons
 a - a +0 war axe (weapon)
Armour
 b - a +0 scale mail (worn)
 c - a +0 buckler (worn)
Jewellery
 i - a ring of ice
Wands
 n - a wand of mindburst (17)
Scrolls
 g - a scroll of brand weapon {unknown}
 l - a scroll of teleportation {unknown}
 m - 2 scrolls of identify {unknown}
Potions
 d - a potion of might
 e - 2 potions of flight {unknown}
 f - a potion of curing {unknown}
 h - a potion of heal wounds {unknown}
 j - a potion of ambrosia {unknown}
 k - a potion of berserk rage {unknown}


   Skills:
 + Level 4.5 Fighting
 + Level 3.7 Axes
 + Level 4.5 Armour
 - Level 4.0 Shields


You had 3 spell levels left.
You didn't know any spells.
Your spell library contained the following spells:

 Spells                   Type           Power      Damage    Failure   Level
 Animate Skeleton         Necr           0%         N/A       78%         1
 Pain                     Necr           0%         1d4       78%         1
 Passwall                 Tmut/Erth      0%         N/A       89%         2
 Swiftness                Air            0%         N/A       98%         3
 Vampiric Draining        Necr           0%         2d6       98%         3


Dungeon Overview and Level Annotations

Branches:
Dungeon (4/15)
 Temple: D:4-7

Altars:
Ashenzari
Qazlal


Innate Abilities, Weirdness & Mutations

You have a pair of horns on your head.
You reflexively headbutt those who attack you in melee.


Message History

Press ? for a list of commands and other information.
Done exploring.
Search for what [? for help]? .
You open the door.
There is an open door here.
There is a fountain of clear blue water here.
You open the door.
There is an open door here.
Things that are here:
4 stones; a +0 whip; a kobold skeleton
There is a stone staircase leading down here.
You climb downwards.
The hornet buzzes angrily.
The orc shouts!
Found 20 arrows, 15 bolts and an agate ring.
There is a stone staircase leading up here.
The hornet stings you!
You feel yourself slow down.
You climb upwards.
You feel yourself speed up.
There is a stone staircase leading down here.
You feel very mighty all of a sudden.
The hornet stings you but does no damage.
The hornet stings you!
You feel yourself slow down.
You barely miss the hornet.
You feel yourself speed up. The hornet stings you!
You feel yourself slow down. You block the hornet's attack.
The hornet stings you!
* * * LOW HITPOINT WARNING * * *
You are lethally poisoned!
You feel as though you will be slow longer.
You slash the hornet!
The hornet is heavily wounded.
* * * LOW HITPOINT WARNING * * *
You feel very sick. You block the hornet's attack.
The hornet completely misses you. The hornet closely misses you.
Unknown command.
You closely miss the hornet. You headbutt the hornet!
The hornet is severely wounded.
You feel yourself speed up.
You die...

#.#####.# #.# #.#########
#######.# #.........# ....#...#
#..######.## ###.....#####..#
#.(...####### ##.............#
#.##........#### ..#........###.#
#.###....)......
##......######.###.# #######.###.
###....#### #.<.@y.# #.# #.
......##..###..######### #.# #.
###...##...............# #.###.
###...##.####..#######.# #.##..
.........################ ####'#
###...#####.............####.....
##..#####.............##.#.⌠...
#......#......#......##.#.....
#.######...†..#......##.'...⌠.


You could see a hornet.

Vanquished Creatures
  3 adders
  6 dart slugs
  2 orcs (D:3)
  3 endoplasms
  2 giant cockroaches
  5 hobgoblins
  8 jackals
  5 kobolds
  2 quokkas
  2 ball pythons (D:1)
  4 bats
  A frilled lizard (D:1)
  A goblin (D:3)
  4 rats
48 creatures vanquished.

Notes
Turn   | Place    | Note
-------+----------+-------------------------------------------
     0 | D:1      | r3xj the Minotaur Fighter began the quest for the Orb.
     0 | D:1      | Reached XP level 1. HP: 19/19 MP: 0/0
    47 | D:1      | Reached XP level 2. HP: 21/27 MP: 1/1
   488 | D:1      | Found a faded altar of an unknown god.
   576 | D:2      | Reached XP level 3. HP: 14/33 MP: 2/2
  1393 | D:3      | Found a stormy altar of Qazlal.
  1500 | D:3      | Reached XP level 4. HP: 41/41 MP: 3/3
  1517 | D:3      | Found a broken altar of Ashenzari.
  2307 | D:4      | Noticed a hornet
  2312 | D:3      | HP: 1/41 [poisoned by a hornet]
  2313 | D:3      | Succumbed to a hornet's poison

Illustrated notes

Levels and vault maps discovered:
D:1:      ebering_hopf_link, layout_basic,
          hellmonk_ecumenical_altar_inner_sanctum, minmay_misc_feat_more_columns
D:2:      layout_rooms, minmay_misc_feat_plants, minmay_misc_feat_tower
D:3:      layout_loops_ring, old_standard_altar, mainiacjoe_overflow_chevrons,
          minmay_fountain_box, kennysheep_generic_room_16
D:4:      minmay_inner_zag, layout_cave_pools, mainiacjoe_overflow_alcove_1,
          minmay_temple_entry_junction, serial_shops, nicolae_stop_n_shop_1

Skill      XL: |  1  2 |
---------------+-------+-----
Fighting       | 4 |  4.5
Shields        | 4 |  4.0
Axes           | 3 |  3.7
Armour         | 4 |  4.5

Action                   |  1- 3 |  4- 6 || total
-------------------------+-------+-------++-------
Melee: War axe           |    81 |    23 ||   104
       Headbutt          |    12 |     2 ||    14
  Use: Potion            |       |     1 ||     1
Armor: Scale mail        |    42 |    11 ||    53
Dodge: Dodged            |    43 |    10 ||    53
Block: Buckler           |    14 |     3 ||    17

Table legend: (Time is in decaauts)
 A = Elapsed time spent in this place.
 B = Non-inter-level travel time spent in this place.
 C = Inter-level travel time spent in this place.
 D = Time resting spent in this place.
 E = Time spent auto-exploring this place.
 F = Levels seen in this place.
 G = Mean time per level.
                   A        B        C        D        E       F      G
               +--------+--------+--------+--------+--------+-----+--------+
         Total |   2350 |   2271 |     79 |    168 |   1783 |   4 |  587.5 |
       Dungeon |   2350 |   2271 |     79 |    168 |   1783 |   4 |  587.5 |
               +--------+--------+--------+--------+--------+-----+--------+

Top non-repeatable levels by time:
     D:3: 970 daAuts
     D:1: 753 daAuts
     D:2: 624 daAuts
     D:4: 1 daAuts
